AoeStats
← 中国_Taizi

Arabia

510469043Analyzed
1v1 RM · 2d ago on Oct 1, 2026· 37m 20s· 2 players
Game mode
Random Map
Map size
Tiny (2 player)
Population
200
Speed
Normal
Resources
Standard
Victory
Conquest
Starting age
Dark Age
Ending age
Imperial Age
RankedLock teamsTeams togetherTeam positionsShared explorationLock speedFull tech treeHidden civsTurbo modeCheats
Victory
Defeat
🇺🇸 Italians · United States
1491
+15
🇨🇳 Maya · China
1479
-15
中国_Taizi
0:35 Loom
8:50 Feudal Age
8:54 Man-at-Arms
11:36 Wheelbarrow
10:59 Double-Bit Axe
15:15 Fletching
17:03 Horse Collar
17:56 Town Watch
26:24 Castle Age
27:12 Bodkin Arrow
26:48 Crossbowman
DanteAli
6:52 Loom
10:03 Feudal Age
12:39 Double-Bit Axe
17:18 Fletching
17:28 Padded Archer Armor
20:45 Gold Mining
22:56 Castle Age
23:10 Crossbowman
23:45 Bodkin Arrow
24:06 Bow Saw
34:31 Horse Collar
37:43 Imperial Age
37:26 Stone Mining
Connection lost

Rejoining the realm…

Still unreachable

The connection could not be restored.

Session expired

The server has moved on; the page needs a fresh start.